 Dungeon Crawl Stone Soup version 0.21-a0-536-gdbbf329 (webtiles) character file.

57 Goblin1989 the Insei (level 4, 0/28 HPs)
             Began as an Octopode Transmuter on Dec 15, 2017.
             Slain by an orc priest
             ... wielding a +0 flail
              (8 damage)
             ... on level 3 of the Dungeon.
             The game lasted 00:07:56 (2609 turns).

Goblin1989 the Insei (Octopode Transmuter)          Turns: 2609, Time: 00:07:56

Health: 0/28       AC:  1    Str:  9    XL:     4   Next: 0%
Magic:  7/7        EV: 13    Int: 16    God:
Gold:   194        SH:  0    Dex: 12    Spells: 4/7 levels left

rFire    . . .     SeeInvis .     - Unarmed
rCold    . . .     Gourm    .   (no shield)
rNeg     . . .     Faith    .   (helmet restricted)
rPois    .         Spirit   .   (no amulet)
rElec    .         Reflect  .   g - ring of resist corrosion
rCorr    +         Harm     .   (no ring)
MR       .....                  (no ring)
Stlth    +++.......             (no ring)
HPRegen  0.09/turn              (no ring)
MPRegen  0.10/turn              (no ring)
                                (no ring)
                                (no ring)

@: no status effects
A: almost no armour, stealthy swim, amphibious, 8 rings, constrict 8, camouflage
1, gelatinous body 1
a: no special abilities


You were on level 3 of the Dungeon.
You were not hungry.

You visited 1 branch of the dungeon, and saw 3 of its levels.

You collected 194 gold pieces.

Inventory:

Hand Weapons
 U - a +2 hand axe of pain
Missiles
 a - 70 arrows
 f - 42 stones
 l - 52 sling bullets
 m - 7 tomahawks (quivered)
Jewellery
 g - a ring of resist corrosion (left tentacle)
Wands
 P - a wand of paralysis (7)
Scrolls
 i - a scroll of amnesia {unknown}
 v - a scroll of enchant armour {unknown}
 T - a scroll of teleportation
 W - a scroll of remove curse {@r2}
Potions
 h - a potion of lignification
 k - a potion of berserk rage
 q - a potion of agility
 s - a potion of resistance
Books
 b - a book of Changes

   Spells                             Type                      Level
   a - Beastly Appendage              Transmutation                1
   b - Sticks to Snakes               Transmutation                2
   c - Spider Form                    Transmutation/Poison         3
   d - Ice Form                       Ice/Transmutation            4
   e - Blade Hands                    Transmutation                5
Comestibles
 e - 2 bread rations {@e1}
 n - a meat ration {@e2}
 u - 2 royal jellies
 V - 7 chunks of flesh


   Skills:
 + Level 1.1 Fighting
 + Level 2.1 Dodging
 + Level 2.3 Stealth
 * Level 4.0 Unarmed Combat
 - Level 2.0 Spellcasting
 - Level 2.1 Transmutations
 * Level 0.4 Evocations


You had 4 spell levels left.
You knew the following spells:

 Your Spells              Type           Power        Failure   Level  Hunger
a - Beastly Appendage     Tmut           #.....       9%          1    #......
b - Sticks to Snakes      Tmut           #.......     13%         2    ###....


Dungeon Overview and Level Annotations

Branches:
Dungeon (3/15)

Altars:

Annotations:
D:2 exclusion: bullfrog


Innate Abilities, Weirdness & Mutations

You cannot wear most types of armour.
You are very stealthy in the water. (Stealth+)
You are amphibious.
You can wear up to eight rings at the same time.
You can use your tentacles to constrict eight enemies at once.
Your skin changes colour to match your surroundings (Stealth+).
Your rubbery body absorbs attacks. (AC +1, EV +1)


Message History

You tentacle-slap the orc but do no damage.
Your grab misses the orc.
You pierce the orc!
You kill the orc!
Your Unarmed Combat skill increases to level 4!
The orc hits you with a hand axe!
You take 9 damage, and have 13/23 hp.
MASSIVE DAMAGE!!
You tentacle-slap the orc. You grab the orc.
The orc is heavily wounded.
You constrict the orc. The orc closely misses you.
You tentacle-slap the orc.
The orc is severely wounded.
You constrict the orc. You tentacle-slap the orc.
You kill the orc!
Your tentacle spike disappears.
Items here: )))) † a hand axe; a mace; a hand axe of pain; a falchion; an orc corpse
U - a hand axe of pain You butcher the orc corpse.
V - 4 chunks of flesh
Things that are here:
a hand axe; a mace; a falchion You start resting.
Your magical contamination has completely faded away.
You start resting.
Your ball python withers and dies!
Magic restored.
A hobgoblin comes into view.
You regained 4 hp, and now have 18/23 hp.
MP restored: 6 The hobgoblin shouts!
The hobgoblin hits you.
You take 2 damage, and have 16/23 hp.
You tentacle-slap the hobgoblin. You grab the hobgoblin.
The hobgoblin is almost dead.
You constrict the hobgoblin.
You kill the hobgoblin!
You see here a hobgoblin corpse.
You see here a hobgoblin corpse.
You butcher the hobgoblin corpse.
V - 8 chunks of flesh (gained 4) Wield which item (- for none, * to show all)? (? for menu, Esc to quit)
You have a feeling of ineptitude.
U - a +2 hand axe of pain (weapon)
Unknown command.
Drop what? 20/52 slots (_ for help) (? for menu, Esc to quit)
You drop a short sword.
You are now empty-tentacled.
Eating one of 8 chunks of flesh.
You eat one of the 8 chunks of flesh.
This raw flesh tastes terrible.
HP restored.
An orc comes into view. It is wielding a mace.
Health restored: 23 You closely miss the orc.
Your grab misses the orc. You tentacle-slap the orc. You grab the orc.
The orc is almost dead.
You constrict the orc.
You kill the orc!
No target in view!
No target in view!
W - a scroll of remove curse {@r2} You see here a mace.
An orc comes into view.
An orc is nearby!
An orc comes into view. It is wielding a short sword.
The orc shouts!
You tentacle-slap the orc. Your grab misses the orc.
The orc is heavily wounded.
You hear a shout! x2
The orc barely misses you.
You tentacle-slap the orc. You grab the orc.
The orc is almost dead.
You constrict the orc.
You kill the orc!
You have reached level 4!
An orc priest comes into view. It is wielding a flail.
Health restored: 28; MP restored: 7 Unknown command.
You barely miss the orc. You grab the orc. You constrict the orc.
The orc priest begins to cast a cantrip, but forgets the words!
The orc hits you with a short sword.
You take 6 damage, and have 22/28 hp.
MASSIVE DAMAGE!!
You tentacle-slap the orc but do no damage.
The orc is moderately wounded.
You constrict the orc, but do no damage.
The orc priest miscasts a cantrip.
The orc hits you with a short sword!
You take 7 damage, and have 15/28 hp.
MASSIVE DAMAGE!!
You are too injured to fight recklessly!
You release your grip on the orc.
You tentacle-slap the orc priest but do no damage.
Your grab misses the orc priest. The orc priest hits you with a flail!
* * * LOW HITPOINT WARNING * * *
The orc closely misses you.
You take 7 damage, and have 8/28 hp.
MASSIVE DAMAGE!!
You tentacle-slap the orc priest but do no damage.
You grab the orc priest.
You constrict the orc priest, but do no damage.
The orc priest hits you with a flail!
You die...

█ ████.█ █.█ █...█ .██
█.█ █...█ █ . █.██ █...█
█. █..█ ██.██ █.█ █.█
██.█ █..████.█ ██..███
█...██.███......
█.██████)██.██.......
█..o@.██.██.█........
█..
████.███o██....█........
...
█.....?...███..)....)...
...
█.......█..███.█........
...
█.......██.....█........
...
█.......█████████.......
...


█████████ ██....... ... █>....... ... █........ You could see an orc priest and
an orc.

Vanquished Creatures
  2 dart slugs (D:1)
  6 orcs (D:3)
  3 giant cockroaches
  3 goblins
  8 hobgoblins
  4 jackals (D:1)
  A quokka (D:2)
  3 bats
  3 frilled lizards
  6 kobolds
  2 rats
41 creatures vanquished.

Vanquished Creatures (collateral kills)
  A bat (D:1)
1 creature vanquished.

Grand Total: 42 creatures vanquished

Notes
Turn   | Place    | Note
-------+----------+-------------------------------------------
     0 | D:1      | Goblin1989 the Octopode Transmuter began the quest for the Orb.
     0 | D:1      | Reached XP level 1. HP: 13/13 MP: 3/3
   348 | D:1      | Reached skill level 1 in Stealth
   355 | D:1      | Reached XP level 2. HP: 15/18 MP: 1/5
   831 | D:1      | Learned a level 2 spell: Sticks to Snakes
  1067 | D:1      | Reached XP level 3. HP: 23/23 MP: 6/6
  1759 | D:2      | Noticed a bullfrog
  2423 | D:3      | Reached skill level 4 in Unarmed Combat
  2603 | D:3      | Reached XP level 4. HP: 28/28 MP: 7/7
  2609 | D:3      | Slain by an orc priest

Vault maps used:
D:1:      dpeg_arrival_shrine
D:3:      uniq_crazy_yiuf_cottage

Skill      XL: |  1  2  3 |
---------------+----------+-----
Stealth        | 1 2 |  2.3
Unarmed Combat | 4 |  4.0
Fighting       | |  1.1
Dodging        | |  2.1
Spellcasting   | |  2.0
Transmutations | |  2.1
Evocations     | |  0.4

Action                   |  1- 3 |  4- 6 || total
-------------------------+-------+-------++-------
Melee: Unarmed           |    89 |     4 ||    93
       Constrict         |    26 |     2 ||    28
       Kick              |     8 |       ||     8
       Tentacles         |     6 |       ||     6
       Punch             |     1 |       ||     1
 Cast: Beastly Appendage |     6 |       ||     6
       Sticks to Snakes  |     3 |       ||     3
  Use: Scroll            |     6 |       ||     6
 Stab: Sleeping          |     6 |       ||     6
  Eat: Chunk             |     6 |       ||     6
Armor: Skin              |     6 |       ||     6
Dodge: Dodged            |    28 |     1 ||    29

Table legend:
 A = Spawn XP
 B = Non-spawn XP
 C = Spawn XP percentage of total XP
 D = Spawn monster count
 E = Non-spawn monster count
 F = Spawn count percentage of total count
 G = Total turns spent on level
                    A         B        C        D         E        F      G
               +---------+---------+-------+---------+---------+-------+---------
         Total |       0 |      82 |   0.0 |       0 |      42 |   0.0 |  2609
               +---------+---------+-------+---------+---------+-------+---------
           D:1 |       0 |      35 |   0.0 |       0 |      18 |   0.0 |  1350
           D:2 |       0 |      16 |   0.0 |       0 |      11 |   0.0 |   646
           D:3 |       0 |      31 |   0.0 |       0 |      13 |   0.0 |   613
               +---------+---------+-------+---------+---------+-------+---------

Vault maps used:
D:1:      dpeg_arrival_shrine
D:3:      uniq_crazy_yiuf_cottage
